 Dungeon Crawl Stone Soup version 0.31-a0-940-gdaa99269f9 (webtiles) character file.

Game seed: 12381625760119630722

1065 sammy202020 the Trooper (level 8, 0/78 HPs)
             Began as a Gargoyle Berserker on Oct 21, 2023.
             Was a Priest of Trog.
             Slain by Menkaure (13 damage)
             ... on level 5 of the Dungeon.
             The game lasted 00:06:51 (4111 turns).

sammy202020 the Trooper (Gargoyle Berserker)        Turns: 4111, Time: 00:06:52

Health: 0/78       AC: 15    Str: 21    XL:     8   Next: 27%
Magic:  8/8        EV:  9    Int: 10    God:    Trog [***...]
Gold:   1405       SH:  0    Dex:  9    Spells: 7/7 levels left

rFire   . . .        e - +9 club
rCold   . . .        (no shield)
rNeg    + + .        n - +0 chain mail
rPois   ∞            (no helmet)
rElec   +            (no cloak)
rCorr   .            (no gloves)
SInv    +            (no boots)
Will    ++...        l - amulet of magic regeneration Stlth
                     i - ring of see invisible
HPRegen 1.33/turn    g - ring of positive energy
MPRegen 0.51/turn

%: no passive effects
@: berserking (expiring), strong-willed, regenerating, very quick
A: sickness immunity, AC +5, negative energy resistance 1, electricity
resistance, torment resistance 1, petrification resistance
a: Renounce Religion, Berserk, Trog's Hand


You were on level 5 of the Dungeon.
You worshipped Trog.
Trog was most pleased with you.
You visited 1 branch of the dungeon, and saw 5 of its levels.

You collected 1405 gold pieces.

Inventory:

Hand Weapons
 a - a +1 mace of protection
 e - a +9 club (weapon)
Missiles
 k - 3 boomerangs
Armour
 n - a +0 chain mail (worn)
Jewellery
 g - a ring of positive energy (right hand)
 i - a ring of see invisible (left hand)
 l - an amulet of magic regeneration (around neck)
Wands
 d - a wand of polymorph (12)
 f - a wand of roots (8)
 q - a wand of flame (8)
Potions
 b - a potion of lignification
 c - 2 potions of haste
 h - 2 potions of cancellation {unknown}
 p - 2 potions of curing


   Skills:
 * Level 6.4 Fighting
 * Level 5.8 Maces & Flails
 * Level 5.7 Armour
 + Level 3.3 Dodging


You had 7 spell levels left.
You didn't know any spells.
Your spell library was empty.

Dungeon Overview and Level Annotations

Branches:
Dungeon (5/15)             Temple (0/1) D:4

Altars:
Cheibriados
Ru

Shops:
D:4 (*

Annotations:
D:5 Menkaure


Innate Abilities, Weirdness & Mutations

You are immune to sickness and miasma.
Your stone body is resilient. (AC +5)
You are immune to poison.
You resist negative energy. (rN+)
You are resistant to electric shocks. (rElec)
You are resistant to unholy torment.
You are immune to petrification.


Message History

A red film seems to cover your vision as you go berserk!
You feel yourself moving faster!
You feel mighty!
The water moccasin bites you but does no damage.
Menkaure hits you but does no damage.
The ufetubus hits you but does no damage.
The ufetubus barely misses you.
A phantom comes into view.
You feel a strong urge to attack something.
The water moccasin barely misses you.
The ufetubus hits you but does no damage.
The ufetubus closely misses you.
Menkaure calls on the powers of darkness!
The water moccasin convulses!
The adder convulses!
Your body is wracked with pain!
* * * LOW HITPOINT WARNING * * *
You hear a shout!
You closely miss the water moccasin.
The water moccasin is severely wounded.
The ufetubus barely misses you.
The ufetubus hits you but does no damage.
An ufetubus comes into view.
You thump Menkaure!
Menkaure is heavily damaged.
The ufetubus hits you but does no damage. x2
The water moccasin bites you.
* * * LOW HITPOINT WARNING * * *
Unknown command.
You miss the water moccasin.
The water moccasin is severely wounded.
The ufetubus barely misses you.
The ufetubus hits you but does no damage.
Menkaure closely misses you.
You sock the water moccasin!
The water moccasin is almost dead.
The ufetubus closely misses you. The ufetubus completely misses you.
The water moccasin closely misses you.
The ufetubus hits you but does no damage. x2
Menkaure blazes with dark energy!
Menkaure hits you!
You die...

.. .... .#. #.#.##
.... ....#....# .....
######...#..#W##...
#...........#..'.
#...........#..#
#........#....S#
#........##.55M#
#........##..S@#
#........##..5.#
###:.......##....#
.................#
###........#####.#
#....###'###.#.#
####.#♣...♣#<#.######
#.#♣.♣..#........#
#.#.♣♣♣.#........#


You could see a water moccasin, a phantom, Menkaure (fast), an adder and 3
ufetubi.

Vanquished Creatures
  Grinder (D:4)
  A black bear (D:4)
  A phantom (D:4)
  A bullfrog (D:5)
  A scorpion (D:4)
  A howler monkey (D:4)
  3 hounds (D:4)
  3 orc priests (D:4)
  Ijyb (D:4)
  3 orc wizards
  A sleepcap (D:4)
  11 adders
  An ufetubus (D:5)
  2 worms
  5 dart slugs
  15 orcs
  7 endoplasms
  7 giant cockroaches
  6 goblins
  10 hobgoblins
  4 jackals (D:2)
  3 quokkas
  8 ball pythons
  6 bats
  2 frilled lizards
  7 kobolds
  5 rats
116 creatures vanquished.

Notes
Turn   | Place    | Note
-------+----------+-------------------------------------------
     0 | D:1      | sammy202020 the Gargoyle Berserker began the quest for the
                  | Orb.
     0 | D:1      | Reached XP level 1. HP: 14/14 MP: 1/1
   146 | D:1      | Reached XP level 2. HP: 18/19 MP: 2/2
   494 | D:2      | Reached XP level 3. HP: 22/23 MP: 3/3
   714 | D:2      | Reached ** piety under Trog
   829 | D:2      | Reached XP level 4. HP: 20/29 MP: 4/4
   909 | D:2      | Reached skill level 4 in Fighting
  1388 | D:3      | Reached XP level 5. HP: 32/33 MP: 5/5
  1846 | D:3      | Reached *** piety under Trog
  1896 | D:3      | Found a sacrificial altar of Ru.
  1898 | D:3      | Found a snail-covered altar of Cheibriados.
  2434 | D:4      | Noticed a phantom
  2444 | D:4      | Reached XP level 6. HP: 33/40 MP: 6/6
  2453 | D:4      | Noticed Ijyb
  2483 | D:4      | Killed Ijyb
  2484 | D:4      | Reached skill level 5 in Fighting
  2492 | D:4      | Reached XP level 7. HP: 12/44 MP: 7/7
  2713 | D:4      | Reached skill level 5 in Maces & Flails
  2791 | D:4      | Reached skill level 5 in Armour
  3055 | D:4      | Found a staircase to the Ecumenical Temple.
  3205 | D:4      | Found Haoplorasop's Antique Weapon Emporium.
  3224 | D:4      | Identified the +4 hand axe "Gapsarr" {venom, rF- rC+ rCorr}
  3235 | D:4      | Found Zypt's CLEARANCE SALE!.
  3571 | D:4      | Identified a scroll of acquirement
  3571 | D:4      | Acquired 813 gold pieces
  3588 | D:4      | Noticed Grinder
  3594 | D:4      | Paralysed by Grinder for 4 turns
  3599 | D:4      | Reached **** piety under Trog
  3608 | D:4      | Paralysed by Grinder for 2 turns
  3613 | D:4      | Reached skill level 6 in Fighting
  3620 | D:4      | Killed Grinder
  3621 | D:4      | Reached XP level 8. HP: 21/52 MP: 8/8
  4048 | D:5      | Entered Level 5 of the Dungeon
  4097 | D:5      | Noticed Menkaure
  4111 | D:5      | Slain by Menkaure

Illustrated notes

Levels and vault maps discovered:
D:1:      lightli_arrival_lavapool, layout_rooms
D:2:      layout_loops_ring, minmay_tromino_v7
D:3:      layout_loops_ring, mainiacjoe_overflow_big_doors
D:4:      minmay_polygon_palace, layout_basic, minmay_temple_entry_proselytizer,
          serial_shops, shop, nicolae_shop_clearance, uniq_grinder, uniq_ijyb
D:5:      layout_basic, serial_bayou_pond_c, chequers_arboretum,
          minmay_misc_feat_columns, kennysheep_generic_room_13, uniq_menkaure

Skill      XL: |  1  2  3  4  5  6  7 |
---------------+----------------------+-----
Dodging        | 2 3 |  3.3
Armour         | 3 4 5 |  5.7
Fighting       | 4 5 6 |  6.4
Maces & Flails | 4 5 |  5.8

Action                     |  1- 3 |  4- 6 |  7- 9 || total
---------------------------+-------+-------+-------++-------
  Melee: Mace              |   121 |   202 |       ||   323
         Punch             |       |     1 |       ||     1
         Club              |       |       |    99 ||    99
 Invoke: Berserk           |       |     2 |     3 ||     5
         Trog's Hand       |       |       |     1 ||     1
    Use: Scroll            |     2 |     9 |     2 ||    13
         Potion            |       |       |     2 ||     2
   Stab: Sleeping          |     1 |       |       ||     1
 Armour: Animal skin       |    63 |    42 |       ||   105
         Leather armour    |       |    31 |       ||    31
         Chain mail        |       |    82 |   129 ||   211
         Skin              |       |    61 |       ||    61
  Dodge: Dodged            |    87 |   116 |    52 ||   255

Table legend: (Time is in decaauts)
 A = Elapsed time spent in this place.
 B = Non-inter-level travel time spent in this place.
 C = Inter-level travel time spent in this place.
 D = Time resting spent in this place.
 E = Time spent auto-exploring this place.
 F = Levels seen in this place.
 G = Mean time per level.
                   A        B        C        D        E       F      G
               +--------+--------+--------+--------+--------+-----+--------+
         Total |   4207 |   3905 |    302 |    138 |   2823 |   5 |  841.4 |
       Dungeon |   4207 |   3905 |    302 |    138 |   2823 |   5 |  841.4 |
               +--------+--------+--------+--------+--------+-----+--------+

Top non-repeatable levels by time:
     D:4: 1791 daAuts
     D:3: 947 daAuts
     D:2: 912 daAuts
     D:1: 495 daAuts
     D:5: 61 daAuts
